 Dungeon Crawl Stone Soup version 0.31-b1-20-g67cafac56d (webtiles) character file.

Game seed: 787667680882420802

31 PaiMei the Purveyor of Pain (level 3, -4/25 HPs)
             Began as a Demonspawn Necromancer on Jan 17, 2024.
             Was an Initiate of Kikubaaqudgha.
             Slain by Natasha (8 damage)
             ... on level 3 of the Dungeon.
             The game lasted 00:03:09 (2023 turns).

PaiMei the Purveyor of Pain (DsNe)                  Turns: 2023, Time: 00:03:10

Health: -4/25      AC:  2    Str:  8    XL:     3   Next: 7%
Magic:  5/6        EV: 12    Int: 17    God:    Kikubaaqudgha [......]
Gold:   69         SH:  0    Dex: 13    Spells: 5/6 levels left

rFire   . . .        d - +0 short sword
rCold   . . .        (no shield)
rNeg    . . .        a - +0 robe
rPois   .            (no helmet)
rElec   .            (no cloak)
rCorr   .            (no gloves)
SInv    .            (no boots)
Will    .....        (no amulet)
Stlth   ++           (no ring)
HPRegen 0.24/turn    (no ring)
MPRegen 0.10/turn

%: no passive effects
@: slowed, very slow
A: powered by pain 1
a: Renounce Religion


You were on level 3 of the Dungeon.
You worshipped Kikubaaqudgha.
Kikubaaqudgha was noncommittal.
You visited 1 branch of the dungeon, and saw 3 of its levels.

You collected 69 gold pieces.

Inventory:

Hand Weapons
 d - a +0 short sword (weapon)
Armour
 a - a +0 robe (worn)
Jewellery
 j - a ring of see invisible
Scrolls
 c - a scroll of identify {unknown}
 e - 2 scrolls of immolation {unknown}
 h - a scroll of fog {unknown}
 i - 2 scrolls of teleportation {unknown}
 l - a scroll of vulnerability {unknown}
Potions
 b - a potion of magic
 f - a potion of lignification {unknown}
 g - a potion of invisibility {unknown}
 k - 2 potions of degeneration {unknown}
 m - a potion of curing {unknown}


   Skills:
 + Level 0.7 Fighting
 + Level 2.2 Dodging
 - Level 2.0 Stealth
 + Level 2.4 Spellcasting
 + Level 4.7 Necromancy


You had 5 spell levels left.
You knew the following spells:

 Your Spells              Type           Power      Damage    Failure   Level
a - Necrotise             Necr           72%        1d7       2%          1

Your spell library contained the following spells:

 Spells                   Type           Power      Damage    Failure   Level
 Vampiric Draining        Necr           18%        2d7       9%          3
 Animate Dead             Necr           18%        N/A       26%         4
 Curse of Agony           Necr           18%        N/A       58%         5


Dungeon Overview and Level Annotations

Branches:
Dungeon (3/15)

Altars:
Cheibriados
Kikubaaqudgha

Annotations:
D:3 Natasha


Innate Abilities, Weirdness & Mutations

You sometimes gain a little power by taking damage.


Message History

The cerulean imp closely misses you.
Natasha mumbles some strange words.
You feel troubled.
The cerulean imp hits you from afar with a +2 spear.
The cerulean imp disappears in a puff of smoke!
Natasha mumbles some strange words.
You feel disoriented. Natasha casts a spell at you.
You feel yourself slow down. Natasha barely misses you.
Natasha attacks as she pursues you! Natasha claws you.
Natasha claws you but does no damage.
Natasha stares at you and mumbles some strange words.
The magic dart hits you!
Natasha stares at you and mumbles some strange words.
The magic dart hits you.
The cerulean imp disappears in a puff of smoke!
Natasha casts a spell.
Natasha mumbles some strange words.
You feel disoriented.
Natasha mumbles some strange words.
You feel yourself speed up.
Natasha stares at you and mumbles some strange words.
The magic dart hits you. Natasha casts a spell at you.
You feel yourself slow down.
Natasha hisses.
Natasha claws you.
* * * LOW HITPOINT WARNING * * *
The cerulean imp hits you from afar with a +0 spear.
* * * LOW HITPOINT WARNING * * *
Casting: Necrotise (safe; 2% risk of failure)
Confirm with . or Enter, or press ? or * to list all spells.
Aiming: Necrotise (safe; 2% risk of failure)
Press: ? - help, Shift-Dir - straight line, f - Natasha
Aim: Natasha (chance to affect: 76%) Natasha writhes in agony.
Natasha claws you!
You die...
Natasha begins licking her fur clean.
Kikubaaqudgha rasps: "You have failed me!
Welcome... death!"

.≈# #.#.# .≈## # #.#.#
.≈#.#. #.#.# .≈#..#
#.#.# .≈#..# #Z#.#####
.≈#..# ##.#.....######
.≈##.####.............#
.≈#........#####.######
####.####.## #@# #
#......# #h# #
#.###########5# ####.#
#.55...5# ..##.#
#.####### #....# #.#
####.# #h# #.# #5# #.#
#5#


You could see Natasha and 2 cerulean imps.

Vanquished Creatures
  4 ball pythons
  A bat zombie (D:3)
  3 endoplasms
  2 giant cockroaches
  2 goblins
  3 hobgoblins
  6 kobolds
  A quokka (D:1)
  A frilled lizard (D:2)
  A frilled lizard zombie (D:3)
  3 rats
27 creatures vanquished.

Notes
Turn   | Place    | Note
-------+----------+-------------------------------------------
     0 | D:1      | PaiMei the Demonspawn Necromancer began the quest for the
                  | Orb.
     0 | D:1      | Reached XP level 1. HP: 13/13 MP: 3/3
   426 | D:1      | Gained mutation: You sometimes gain a little power by
                  | taking damage. [demonic ancestry]
   426 | D:1      | Reached XP level 2. HP: 19/19 MP: 3/5
  1861 | D:3      | Found an ancient bone altar of Kikubaaqudgha.
  1869 | D:3      | Became a worshipper of Kikubaaqudgha
  1956 | D:3      | Found a snail-covered altar of Cheibriados.
  1968 | D:3      | Reached XP level 3. HP: 25/25 MP: 4/6
  1981 | D:3      | Noticed Natasha
  2023 | D:3      | Slain by Natasha

Illustrated notes

Levels and vault maps discovered:
D:1:      nzn_arrival_water_spiral, layout_loops_ring, minmay_hedge_maze,
          nicolae_twisty_statue_hallways
D:2:      layout_loops_ring, basic_altar,
          hellmonk_ecumenical_altar_heavens_door, fountainhead
D:3:      kennysheep_the_goblin_king, layout_loops_ring, marbit_many_paths,
          mainiacjoe_overflow_boulevard, lemuel_zombie_altar_kikubaaqudgha,
          okawaru_trees_2, uniq_natasha

Skill      XL: |  1 |
---------------+----+-----
Stealth        | 2 |  2.0
Dodging        | 2 |  2.2
Fighting       | |  0.7
Spellcasting   | |  2.4
Necromancy     | |  4.7

Action                     || total
---------------------------++-------
  Melee: Short sword       ||    15
   Cast: Necrotise         ||    54
 Armour: Robe              ||    27
  Dodge: Dodged            ||    40
